 Dungeon Crawl Stone Soup version 0.31-a0-557-g6e16503903 (webtiles) character file.

Game seed: 2064557791513292877

3108 IdlyInterested the Basher (level 9, -6/65 HPs)
             Began as a Demonspawn Fighter on Aug 16, 2023.
             Mangled by a skeletal warrior
             ... wielding a +0 long sword
              (22 damage)
             ... on level 8 of the Dungeon.
             The game lasted 00:25:45 (5837 turns).

IdlyInterested the Basher (Demonspawn Fighter)      Turns: 5837, Time: 00:25:47

Health: -6/65      AC: 13    Str: 18    XL:     9   Next: 60%
Magic:  0/10       EV:  5    Int: 15    God:
Gold:   404        SH:  5    Dex: 14    Spells: 10/10 levels left

rFire   . . .        d - +5 flail
rCold   . . .        c - +0 buckler
rNeg    + . .        l - +1 plate armour
rPois   .            (helmet restricted)
rElec   .            b - scarf {repulsion}
rCorr   .            f - +0 pair of gloves
SInv    .            (no boots)
Will    .....        y - amulet of guardian spirit Stlth
                     A - ring of positive energy
HPRegen 0.30/turn    (no ring)
MPRegen 0.24/turn

%: repel missiles, clarity, guardian spirit
@: no status effects
A: horns 2, magic regeneration, big brain 1, clarity, clever 1, passive freeze,
sense surroundings 1
a: no special abilities


You were on level 8 of the Dungeon.
You visited 2 branches of the dungeon, and saw 9 of its levels.

You collected 404 gold pieces.

Inventory:

Hand Weapons
 d - a +5 flail (weapon)
 u - a +3 hand axe
 B - a +1 whip of freezing
Missiles
 a - 7 boomerangs
 k - 44 stones (quivered)
 v - 17 poisoned darts
 D - a curare-tipped dart
Armour
 b - a scarf of repulsion (worn)
 c - a +0 buckler (worn)
 f - a +0 pair of gloves (worn)
 l - a +1 plate armour (worn)
Magical Staves
 n - a staff of fire
Jewellery
 s - an amulet of magic regeneration
 t - a ring of wizardry
 y - an amulet of guardian spirit (around neck)
 A - a ring of positive energy (left hand)
Talismans
 i - a flux talisman
 o - a blade talisman
Wands
 r - a wand of iceblast (6)
 z - a wand of paralysis (8)
Scrolls
 e - 3 scrolls of teleportation
 g - 3 scrolls of immolation
 h - 2 scrolls of brand weapon
 j - a scroll of enchant armour
 x - a scroll of silence
Potions
 p - 2 potions of mutation
 q - 2 potions of attraction
 w - a potion of brilliance
 C - a potion of enlightenment


   Skills:
 - Level 4.0 Fighting
 * Level 11.0 Maces & Flails
 - Level 2.0 Throwing
 - Level 4.0 Armour
 - Level 2.0 Dodging
 - Level 1.0 Stealth
 - Level 3.0 Shields
 - Level 1.0 Spellcasting
 - Level 1.0 Invocations
 - Level 1.0 Evocations
 - Level 1.0 Shapeshifting


You had 10 spell levels left.
You didn't know any spells.
Your spell library contained the following spells:

 Spells                   Type           Power      Damage    Failure   Level
 Slow                     Hex            0%         N/A       100%        1
 Lesser Beckoning         Tloc           0%         N/A       100%        2
 Confusing Touch          Hex            0%         N/A       100%        3
 Gell's Gravitas          Tloc           0%         N/A       100%        3
 Teleport Other           Tloc           0%         N/A       100%        3
 Vampiric Draining        Necr           0%         2d6       100%        3


Dungeon Overview and Level Annotations

Branches:
Dungeon (8/15)             Temple (1/1) D:5
   Lair: D:8-11

Altars:
Ashenzari
Cheibriados
Dithmenos
Gozag
Hepliaklqana
Kikubaaqudgha
Nemelex Xobeh
Okawaru
Qazlal
Sif Muna
Trog
Uskayaw
Vehumet
Xom
Yredelemnul

Shops:
D:1 :


Innate Abilities, Weirdness & Mutations

You have a pair of horns on your head.
You regenerate magic rapidly.
You have an unusually large brain. (Int +2)
You possess an exceptional clarity of mind.
Your mind is acute. (Int +4, Str/Dex -1)
A frigid envelope surrounds you and freezes all who hurt you.
You passively map a small area around you.


Message History

The skeletal warrior is heavily damaged.
Throw: 8 boomerangs
Press: ? - help, Shift-Dir - straight line, f/p - skeletal warrior
Aim: a skeletal warrior, wielding a +0 long sword and wearing the +0 scale mail of the Fuzzy Hot Ocelot {rC+} (heavily damaged, 63% to hit)
You throw a boomerang.
The boomerang hits the skeletal warrior.
The skeletal warrior is heavily damaged.
Throw: 8 boomerangs
Press: ? - help, Shift-Dir - straight line, f/p - skeletal warrior
Aim: a skeletal warrior, wielding a +0 long sword and wearing the +0 scale mail of the Fuzzy Hot Ocelot {rC+} (heavily damaged, 63% to hit)
You throw a boomerang.
The boomerang closely misses the skeletal warrior.
A steam dragon comes into view.
The steam dragon hisses angrily.
The skeletal warrior attacks as you move away!
You block the skeletal warrior's attack.
Found 8 gold pieces.
You hit the skeletal warrior but do no damage.
You headbutt the skeletal warrior, but do no damage.
The skeletal warrior is heavily damaged.
The skeletal warrior hits you with a +0 long sword!
* * * LOW HITPOINT WARNING * * *
The skeletal warrior resists.
The skeletal warrior is very cold.
The skeletal warrior is heavily damaged.
You barely miss the skeletal warrior.
The skeletal warrior is heavily damaged.
The skeletal warrior hits you with a +0 long sword.
* * * LOW HITPOINT WARNING * * *
The skeletal warrior resists.
The skeletal warrior is very cold.
The skeletal warrior is heavily damaged.
You closely miss the skeletal warrior.
The skeletal warrior is heavily damaged.
The skeletal warrior hits you with a +0 long sword.
* * * LOW HITPOINT WARNING * * *
The skeletal warrior completely resists.
You hit the skeletal warrior but do no damage.
Your headbutt misses the skeletal warrior.
The skeletal warrior is heavily damaged.
The skeletal warrior hits you with a +0 long sword!!
You die...

#####........###
#<.....###.#...#
##.....###.#...# ##, ,
#......)....#.... * ...
........D........ $...
.#..#...#........ .....
####..##........
......######...#........
,
.......@z.D..###.##....#
*
..#.....#z....##.##.....
.....#.##.........#.....
* ....,##
#.....#...##.... ..., *
#.....##.......# .. ,
......#z..####...# .
≈.≈....#...##.###..
.≈.≈..##.z......##. , ,
...#.# ##......##..


You could see 3 skeletal warriors and a steam dragon.

Vanquished Creatures
  Pikel (D:7)
  A hornet (D:7)
  Sigmund (D:4)
  2 water moccasins
  An ice beast (D:6)
  An orc warrior (D:8)
  A black bear (D:4)
  2 ogres
  4 centaurs
  A kobold brigand (D:8)
  A phantom (D:6)
  4 wights (D:6)
  A howler monkey (D:5)
  6 hounds
  5 orc priests
  A jelly (D:6)
  3 iguanas
  Crazy Yiuf (D:4)
  2 sleepcaps
  Natasha (thrice) (D:4)
  4 orc wizards
  12 adders
  A white imp (D:5)
  2 ufetubi (D:6)
  2 worms (D:2)
  The ghost of ojifijod the Sneak, a weakling HuDe (D:4)
  2 dart slugs
  19 orcs
  8 bats
  5 endoplasms
  4 giant cockroaches
  9 hobgoblins
  3 jackals (D:1)
  8 kobolds
  3 quokkas
  6 ball pythons
  3 frilled lizards
  10 goblins
  8 rats
152 creatures vanquished.

Notes
Turn   | Place    | Note
-------+----------+-------------------------------------------
     0 | D:1      | IdlyInterested the Demonspawn Fighter began the quest for
                  | the Orb.
     0 | D:1      | Reached XP level 1. HP: 18/18 MP: 1/1
    54 | D:1      | Reached skill level 2 in Maces & Flails
   144 | D:1      | Gained mutation: You have a pair of small horns on your
                  | head. [demonic ancestry]
   144 | D:1      | Reached XP level 2. HP: 19/24 MP: 2/2
   197 | D:1      | Found Viofamy's Book Shoppe.
   371 | D:1      | Gained mutation: You have an unusually large brain. (Int
                  | +2) [demonic ancestry]
   371 | D:1      | Reached XP level 3. HP: 29/29 MP: 3/3
   578 | D:2      | Reached skill level 3 in Maces & Flails
   945 | D:2      | Reached XP level 4. HP: 30/35 MP: 4/4
   970 | D:2      | Found an iron altar of Okawaru.
  1127 | D:3      | Reached skill level 1 in Stealth
  1159 | D:3      | Gained mutation: You possess an exceptional clarity of
                  | mind. [potion of mutation]
  1159 | D:3      | Gained mutation: A frigid envelope surrounds you and
                  | freezes all who hurt you. [potion of mutation]
  1159 | D:3      | Gained mutation: Your mind is acute. (Int +4, Str/Dex -1)
                  | [potion of mutation]
  1159 | D:3      | Gained mutation: You passively map a small area around you.
                  | [potion of mutation]
  1179 | D:3      | Reached skill level 4 in Maces & Flails
  1179 | D:3      | Reached XP level 5. HP: 41/41 MP: 5/5
  1305 | D:3      | Found an iron altar of Okawaru.
  1709 | D:4      | Reached skill level 1 in Shapeshifting
  1709 | D:4      | Noticed a black bear
  1716 | D:4      | Killed a black bear
  1717 | D:4      | Reached skill level 5 in Maces & Flails
  1717 | D:4      | Reached skill level 1 in Evocations
  1717 | D:4      | Reached XP level 6. HP: 25/47 MP: 6/6
  1819 | D:4      | Found a runed translucent door.
  1840 | D:4      | Noticed ojifijod's ghost (weakling HuDe)
  1848 | D:4      | Noticed Natasha
  1856 | D:4      | Killed Natasha
  1994 | D:4      | Reached skill level 1 in Invocations
  2101 | D:4      | Reached skill level 1 in Spellcasting
  2110 | D:4      | Noticed Natasha
  2113 | D:4      | Killed Natasha
  2114 | D:4      | Reached skill level 6 in Maces & Flails
  2224 | D:4      | Noticed Sigmund
  2226 | D:4      | Reached XP level 7. HP: 49/52 MP: 8/8
  2241 | D:4      | Killed Sigmund
  2242 | D:4      | Reached skill level 1 in Dodging
  2289 | D:4      | Found a shimmering blue altar of Sif Muna.
  2416 | D:4      | Found a runed translucent door.
  2417 | D:4      | Noticed Crazy Yiuf
  2423 | D:4      | Killed Crazy Yiuf
  2586 | D:4      | Killed ojifijod's ghost
  2624 | D:4      | Noticed Natasha
  2630 | D:4      | Killed Natasha
  2652 | D:5      | Entered Level 5 of the Dungeon
  2660 | D:5      | Reached skill level 7 in Maces & Flails
  2660 | D:5      | Reached skill level 1 in Throwing
  3063 | D:5      | Found a bloodstained altar of Trog.
  3140 | D:5      | Found a staircase to the Ecumenical Temple.
  3149 | Temple   | Entered the Ecumenical Temple
  3564 | D:6      | Gained mutation: You regenerate magic rapidly. [demonic
                  | ancestry]
  3564 | D:6      | Reached XP level 8. HP: 52/60 MP: 9/9
  3665 | D:6      | Reached skill level 8 in Maces & Flails
  3940 | D:6      | Found a broken altar of Ashenzari.
  4055 | D:6      | Reached skill level 9 in Maces & Flails
  4619 | D:7      | Noticed a hornet
  4626 | D:7      | Killed a hornet
  4627 | D:7      | Gained mutation: You have a pair of horns on your head.
                  | [demonic ancestry]
  4627 | D:7      | Reached XP level 9. HP: 54/65 MP: 7/10
  4842 | D:7      | Found a stormy altar of Qazlal.
  5016 | D:7      | Noticed Pikel
  5023 | D:7      | Killed Pikel
  5024 | D:7      | Reached skill level 10 in Maces & Flails
  5509 | D:8      | Noticed a skeletal warrior
  5509 | D:8      | Noticed a skeletal warrior
  5509 | D:8      | Noticed a skeletal warrior
  5509 | D:8      | Noticed a skeletal warrior
  5509 | D:8      | Noticed a skeletal warrior
  5651 | D:8      | Reached skill level 11 in Maces & Flails
  5748 | D:8      | Identified the +0 scale mail of the Fuzzy Hot Ocelot {rC+}
  5771 | D:8      | HP: 3/65 [skeletal warrior/+0 long sword (2)]
  5837 | D:8      | Mangled by a skeletal warrior

Illustrated notes

Levels and vault maps discovered:
D:1:      dpeg_arrival_round_c, layout_rooms, serial_shops,
          nicolae_shop_tiny_statue_garden
D:2:      minmay_evil_eye, layout_rooms, basic_altar, minivault_14
D:3:      layout_rooms, kennysheep_okawaru_gauntlet
D:4:      layout_cave_pools, kennysheep_orc_sif_temple,
          ebering_ghost_reflecting_pool, uniq_crazy_yiuf_cottage, uniq_sigmund,
          uniq_natasha
D:5:      layout_basic, mainiacjoe_overflow_alcove_4,
          minmay_temple_entry_sparse_star, kennysheep_boxes
D:6:      layout_cave_pools, nicolae_ashenzari_panopticon, serial_column_ruins,
          column_ruins_hut_pillars, column_ruins_square_huge,
          column_ruins_open_small, column_ruins_open_tiny,
          column_ruins_open_small
D:7:      layout_loops_corners, lemuel_crystal_altar, zin_statuary, uniq_pikel
D:8:      layout_cave_pools, elyvilon_altar_3, nicolae_ru_path_of_blood,
          makhleb_altar_promises_db
Temple:   chequers_temple_sunken

Skill      XL: |  1  2  3  4  5  6  7  8  9 |
---------------+----------------------------+-----
Maces & Flails | 2 3 4 5 6 7 9 11 | 11.0
Armour         | 3 4 |  4.0
Shields        | 3 |  3.0
Stealth        | 1 |  1.0
Shapeshifting  | 1 |  1.0
Evocations     | 1 |  1.0
Invocations    | 1 |  1.0
Spellcasting   | 1 |  1.0
Dodging        | 1 2 |  2.0
Throwing       | 1 2 |  2.0
Fighting       | 4 |  4.0

Action                     |  1- 3 |  4- 6 |  7- 9 || total
---------------------------+-------+-------+-------++-------
  Melee: Flail             |   155 |    70 |   170 ||   395
         Headbutt          |    11 |     7 |    33 ||    51
         Glaive            |       |    16 |       ||    16
  Throw: Stone             |       |       |    10 ||    10
         Dart              |       |       |     4 ||     4
         Boomerang         |       |       |     3 ||     3
    Use: Potion            |     4 |     3 |     6 ||    13
         Scroll            |     3 |     3 |     9 ||    15
 Armour: Scale mail        |    45 |       |       ||    45
         Plate armour      |    76 |    69 |    88 ||   233
  Dodge: Dodged            |    56 |    22 |    35 ||   113
         Repelled          |       |     1 |     3 ||     4
  Block: Buckler           |    38 |    22 |    48 ||   108

Table legend: (Time is in decaauts)
 A = Elapsed time spent in this place.
 B = Non-inter-level travel time spent in this place.
 C = Inter-level travel time spent in this place.
 D = Time resting spent in this place.
 E = Time spent auto-exploring this place.
 F = Levels seen in this place.
 G = Mean time per level.
                   A        B        C        D        E       F      G
               +--------+--------+--------+--------+--------+-----+--------+
         Total |   5930 |   5329 |    601 |    411 |   3279 |   9 |  658.9 |
       Dungeon |   5929 |   5328 |    601 |    411 |   3279 |   8 |  741.1 |
        Temple |      1 |      1 |      0 |      0 |      0 |   1 |    1.0 |
               +--------+--------+--------+--------+--------+-----+--------+

Top non-repeatable levels by time:
     D:5: 1020 daAuts
     D:7: 989 daAuts
     D:4: 884 daAuts
     D:6: 863 daAuts
     D:3: 711 daAuts
     D:1: 604 daAuts
     D:2: 584 daAuts
     D:8: 270 daAuts
  Temple: 1 daAuts
